 Dungeon Crawl Stone Soup version 0.31-a0-182-gc5ef74bbde (webtiles) character file.

Game seed: 17970714214783442544

651 lunkers the Basher (level 8, -3/94 HPs)
             Began as a Meteoran Fighter on June 21, 2023.
             Succumbed to Dowan's poison
             ... on level 5 of the Dungeon.
             The game lasted 00:04:07 (1647 turns).

lunkers the Basher (Meteoran Fighter)               Turns: 1647, Time: 00:04:08

Health: -3/94      AC: 24    Str: 19    XL:     8   Next: 10%
Magic:  9/9        EV:  2    Int: 11    God:
Gold:   128        SH:  5    Dex: 13    Spells: 7/7 levels left

rFire   . . .        a - +0 flail
rCold   . . .        c - +0 buckler
rNeg    . . .        b - melded +0 scale mail
rPois   +            h - melded +1 helmet
rElec   .            (cloak currently unavailable)
rCorr   .            (gloves currently unavailable)
SInv    .            (boots currently unavailable)
Will    ++...        (no amulet)
Stlth   +            (no ring)
HPRegen 0.35/turn    (no ring)
MPRegen 0.11/turn

%: no passive effects
@: lethally poisoned (-3 -> -23), tree-form, enlightened, glowing
A: stationary, stasis, torment immunity, boosted hp, sense surroundings 1,
otherworldly, glowing, explore regen
a: no special abilities


You were on level 5 of the Dungeon.
You were a tree.
You visited 1 branch of the dungeon, and saw 5 of its levels.

You collected 128 gold pieces.

Inventory:

Hand Weapons
 a - a +0 flail (weapon)
Missiles
 m - 2 throwing nets
Armour
 b - a +0 scale mail (melded)
 c - a +0 buckler (worn)
 h - a +1 helmet (melded)
Scrolls
 e - a scroll of teleportation
 f - a scroll of blinking
Potions
 g - 2 potions of enlightenment
 j - a potion of magic {unknown}
 l - a potion of mutation {unknown}
 n - a potion of curing {unknown}


   Skills:
 - Level 3.2 Fighting
 * Level 10.7 Maces & Flails
 - Level 3.6 Armour
 - Level 3.6 Shields


You had 7 spell levels left.
You didn't know any spells.
Your spell library contained the following spells:

 Spells                   Type           Power      Damage    Failure   Level
 Dazzling Flash           Conj/Hex       0%         N/A       78%         3
 Volatile Blastmotes      Fire/Tloc      0%         2d10      78%         3
 Iskenderun's Mystic Bla  Conj/Tloc      0%         2d3       99%         4
 Agony                    Necr           0%         N/A       100%        5
 Silence                  Hex/Air        0%         N/A       100%        5
 Starburst                Conj/Fire      0%         6d3       100%        6


Dungeon Overview and Level Annotations

Branches:
Dungeon (4/15) Zot: 1326
 Temple: D:4-7

Altars:
Qazlal
The Shining One

Shops:
D:1 :

Annotations:
D:5 Dowan


Innate Abilities, Weirdness & Mutations

You are a tree.
Your roots penetrate the ground, keeping you stationary.
You cannot be teleported.
You are immune to unholy pain and torment.
Your maximum health is greatly increased.
Your equipment is partially melded.
You passively map a small area around you.
You are easily found by Zot.
You glow in the dark.
You regain HP and MP as you explore.


Message History

Found a scroll labelled YQUIDE ESAUMO.
Dowan hits you with a +0 dagger of venom.
* * * LOW HITPOINT WARNING * * *
You are lethally poisoned!
You hit Dowan.
Dowan is severely wounded.
* * * LOW HITPOINT WARNING * * *
You feel very sick. Dowan completely misses you.
You hit Dowan but do no damage.
Dowan is severely wounded.
* * * LOW HITPOINT WARNING * * *
You feel sick. Dowan barely misses you. You block Dowan's attack.
It was a potion of lignification.
You turn into a tree.
Your +1 helmet melds into your body.
Your +0 scale mail melds into your body.
Your roots penetrate the ground.
You feel sick.
Dowan points at you and mumbles some strange words.
You block the shard of ice.
Unknown command.
You hit Dowan.
Dowan is severely wounded.
You feel sick. Dowan hits you but does no damage.
You are lethally poisoned!
Dowan hits you with a +0 dagger of venom.
* * * LOW HITPOINT WARNING * * *
You barely miss Dowan.
Dowan is severely wounded.
* * * LOW HITPOINT WARNING * * *
You feel very sick. You block Dowan's attack.
You hit Dowan but do no damage.
Dowan is severely wounded.
* * * LOW HITPOINT WARNING * * *
You feel very sick. Dowan hits you but does no damage.
You are more poisoned.
You completely miss Dowan.
Dowan is severely wounded.
You die...

*
..#........#.##
##...##.###....#
##.###.##.#...#
, #. #.###....#
###.###.###.####
.........##.#
#.......##.#
##.......##.#
?.....e♣.##.#
.........##.#
##.......##.#
#.......)..#
,############ *
* ,


You could see Dowan (fast).

Vanquished Creatures
  Sigmund (D:3)
  Duvessa (D:5)
  An ogre (D:4)
  2 hounds (D:4)
  A gnoll bouda (D:5)
  An iguana (D:4)
  2 orc wizards (D:4)
  5 gnolls (D:5)
  5 adders
  An ufetubus (D:5)
  2 dart slugs
  3 orcs (D:4)
  3 ball pythons
  11 endoplasms
  4 giant cockroaches
  7 goblins
  4 hobgoblins
  3 bats
  A frilled lizard (D:2)
  A kobold (D:1)
  3 rats
62 creatures vanquished.

Notes
Turn   | Place    | Note
-------+----------+-------------------------------------------
     0 | D:1      | lunkers the Meteoran Fighter began the quest for the Orb.
     0 | D:1      | Reached XP level 1. HP: 19/19 MP: 2/2
    11 | D:1      | Reached skill level 3 in Maces & Flails
    72 | D:1      | Reached XP level 2. HP: 24/26 MP: 3/3
   139 | D:1      | Found Ubuiw's Book Emporium.
   167 | D:1      | Reached skill level 4 in Maces & Flails
   232 | D:1      | Reached XP level 3. HP: 19/31 MP: 4/4
   741 | D:2      | Reached skill level 5 in Maces & Flails
   741 | D:2      | Reached XP level 4. HP: 34/38 MP: 5/5
  1020 | D:3      | Found a stormy altar of Qazlal.
  1022 | D:3      | Noticed an air elemental
  1023 | D:3      | Noticed a water elemental
  1023 | D:3      | Noticed an earth elemental
  1023 | D:3      | Noticed a fire elemental
  1067 | D:3      | Noticed Sigmund
  1075 | D:3      | Killed Sigmund
  1076 | D:3      | Reached skill level 8 in Maces & Flails
  1076 | D:3      | Reached XP level 5. HP: 25/45 MP: 6/6
  1076 | D:3      | Reached XP level 6. HP: 29/51 MP: 7/7
  1226 | D:4      | Found a glowing golden altar of the Shining One.
  1266 | D:4      | Reached XP level 7. HP: 28/57 MP: 8/8
  1315 | D:4      | Reached skill level 9 in Maces & Flails
  1456 | D:4      | You fall into a shaft and drop 1 floor!
  1456 | D:5      | Entered Level 5 of the Dungeon
  1491 | D:5      | Reached skill level 10 in Maces & Flails
  1616 | D:5      | Noticed Duvessa
  1616 | D:5      | Noticed Dowan
  1633 | D:5      | Killed Duvessa
  1634 | D:5      | Reached XP level 8. HP: 4/63 MP: 9/9
  1646 | D:5      | HP: 2/94 [poisoned by Dowan]
  1647 | D:5      | Succumbed to Dowan's poison

Illustrated notes

Levels and vault maps discovered:
D:1:      lightli_arrival_boilingwater, layout_rooms, serial_shops, shop
D:2:      layout_loops_ring, nicolae_half_adder
D:3:      layout_loops_cross, mainiacjoe_overflow_small_starburst,
          nicolae_qazlal_style_of_elements, mainiacjoe_overflow_alcove_2,
          minmay_door_square, uniq_sigmund
D:4:      layout_loops_cross, kennysheep_mini_moat, minmay_temple_entry_arrows,
          gup_ossuary_entry_pyramid, nicolae_stop_n_shop_1, grunt_ministairs_4,
          uniq_pikel
D:5:      layout_loops_ring, uniq_duvessa

Skill      XL: |  1  2  3  4  5  6  7 |
---------------+----------------------+-----
Maces & Flails | 3 4 5 8 10 | 10.7
Fighting       | |  3.2
Armour         | |  3.6
Shields        | |  3.6

Action                     |  1- 3 |  4- 6 |  7- 9 || total
---------------------------+-------+-------+-------++-------
  Melee: Flail             |    78 |    72 |   110 ||   260
    Use: Scroll            |     5 |       |     3 ||     8
         Potion            |       |     1 |     2 ||     3
 Armour: Scale mail        |    34 |    33 |    36 ||   103
         Skin              |       |       |     2 ||     2
  Dodge: Dodged            |    38 |    24 |    20 ||    82
  Block: Buckler           |    24 |    22 |    20 ||    66

Table legend: (Time is in decaauts)
 A = Elapsed time spent in this place.
 B = Non-inter-level travel time spent in this place.
 C = Inter-level travel time spent in this place.
 D = Time resting spent in this place.
 E = Time spent auto-exploring this place.
 F = Levels seen in this place.
 G = Mean time per level.
                   A        B        C        D        E       F      G
               +--------+--------+--------+--------+--------+-----+--------+
         Total |   1673 |   1614 |     59 |      0 |   1036 |   5 |  334.6 |
       Dungeon |   1673 |   1614 |     59 |      0 |   1036 |   5 |  334.6 |
               +--------+--------+--------+--------+--------+-----+--------+

Top non-repeatable levels by time:
     D:2: 681 daAuts
     D:1: 290 daAuts
     D:4: 283 daAuts
     D:3: 230 daAuts
     D:5: 187 daAuts
